Match 47274643
Unlisted

Match 47274643
End
Engineer Squad
Construct Weapon Support Center
Selects Heavy Weapons
M1919 Machine Gun Team
M1919 Machine Gun Team
M1919 Machine Gun Team
Infantry Support Center
Selects Assault Carriers
M3 Assault Carrier
M3 Assault Carrier
M3 Assault Carrier
M3 Assault Carrier
Selects Exchangeable Parts
M3 Assault Carrier
M3 Assault Carrier
M1919 Machine Gun Team
M1919 Machine Gun Team
M3 Assault Carrier
Selects Towed M5 3-inch Anti-tank Gun
Selects M2HB .50cal Heavy Machine Gun
Towed M5 3-inch Anti-tank Gun
M1919 Machine Gun Team
Towed M5 3-inch Anti-tank Gun
Selects Rapid Reposition
Engineer Squad
Engineer Squad
M3 Assault Carrier
M3 Assault Carrier
M3 Assault Carrier
Engineer Squad
Selects Bolstered Team Weapons
M1919 Machine Gun Team
M1919 Machine Gun Team
Towed M5 3-inch Anti-tank Gun
M3 Assault Carrier
M3 Assault Carrier
M3 Assault Carrier
Construct Tank Depot
M18 Hellcat Tank Destroyer
M18 Hellcat Tank Destroyer
lemerman9
gabman6
CoH3Master
kty04_6
Soapp5
Karchew
Neverland
CiscoCrisco
0
0

Comments sign in to comment!

No comments posted yet!